Map: Tokamak LE

Players

Lifebay - Winner!

  • Race: Zerg Zerg
  • Spawn Location: 7:00

ManlyManMeat

  • Race: Protoss Protoss
  • Spawn Location: 1:00

VOD

Have the link to the VOD?

Description

Time

  • Played on: May 14, 2025, 4:38 a.m.
  • Length: 10:26
Show
View Real Time Build Order
Export as new Build Order

Lifebay Zerg - Winner!

Build Orders: Pool First 

Get SALT Encoding   

  12  0:01  Drone  
  13  0:08  Drone  
  14  0:18  Overlord  
  14  0:35  Spawning Pool  
  14  0:37  Drone  
  14  0:40  Drone  
  15  0:51  Drone  
  15  0:52  Drone  
  17  1:01  Drone  
  18  1:12  Drone  
  18  1:17  Extractor  
  18  1:21  Drone, Extractor  
  18  1:22  Queen  
  20  1:35  Drone  
  21  1:49  Drone  
  22  1:54  Overlord  
  22  2:10  Metabolic Boost  
  22  2:18  Drone x2  
  24  2:33  Zergling x8  
  28  2:41  Zergling x2  
  29  2:56  Drone  
  30  3:11  Hatchery, Overlord x2  
  29  3:13  Zergling x2  
  30  3:36  Zergling x4  
  30  3:37  Zergling x2  
  30  3:39  Queen  
  35  3:42  Zergling x4  
  35  3:43  Drone  
  38  4:00  Zergling x2  
  39  4:11  Drone x3, Overlord  
  42  4:18  Evolution Chamber  
  41  4:24  Lair  
  41  4:28  Drone  
  31  4:48  Drone x2  
  33  4:54  Zergling x10  
  38  5:00  Zerg Melee Weapons Level 1  
  38  5:08  Evolution Chamber  
  37  5:17  Zergling x4  
  37  5:18  Evolution Chamber  
  38  5:28  Drone x3  
  41  5:43  Drone  
  41  5:44  Drone x4  
  45  5:57  Drone x2  
  45  6:03  Extractor  
  42  6:05  Extractor  
  38  6:26  Hydralisk Den  
  38  6:29  Drone x4  
  41  6:37  Zerg Missile Weapons Level 1  
  41  6:39  Zerg Ground Armor Level 1  
  41  6:44  Overlord x3  
  41  6:55  Drone x3  
  44  7:02  Drone x2  
  44  7:04  Drone  
  47  7:20  Grooved Spines  
  47  7:26  Hydralisk x6  
  47  7:27  Hydralisk x2  
  63  7:51  Hydralisk x6  
  63  7:52  Hatchery  
  74  8:00  Zerg Melee Weapons Level 2  
  74  8:04  Hydralisk x5  
  84  8:11  Muscular Augments  
  84  8:13  Overlord  
  84  8:25  Overlord x2  
  84  8:39  Overlord x2  
  84  8:40  Hydralisk x2  
Show
View Real Time Build Order
Export as new Build Order

ManlyManMeat Protoss 

Build Orders:  

Get SALT Encoding   

  12  0:09  Pylon  
  12  0:10  Probe  
  13  0:20  Probe  
  14  0:33  Gateway  
  14  0:35  Probe  
  15  0:45  Assimilator  
  15  0:48  Probe  
  16  1:00  Probe  
  17  1:07  Forge  
  17  1:09  Probe  
  17  1:17  Probe  
  18  1:20  Zealot  
  23  2:01  Zealot  
  23  2:07  Gateway  
  23  2:09  Pylon  
  23  2:13  Pylon, Protoss Shields Level 1  
  23  2:28  Zealot  
  25  2:32  Cybernetics Core  
  25  2:35  Assimilator  
  25  2:55  Zealot  
  27  3:21  Stargate  
  27  3:26  Probe  
  28  3:35  Zealot  
  28  3:37  Zealot  
  28  3:38  Probe  
  33  3:45  Pylon  
  33  3:48  Pylon  
  33  3:50  Probe  
  33  3:51  Stargate  
  34  4:02  Zealot  
  36  4:04  Zealot  
  38  4:32  Zealot x2  
  42  4:51  Phoenix  
  42  4:52  Phoenix  
  46  4:59  Zealot x2  
  50  5:21  Pylon  
  50  5:22  Pylon  
  50  5:26  Zealot x2  
  54  5:47  Photon Cannon  
  54  5:49  Shield Battery  
  54  5:54  Photon Cannon  
  50  6:24  Phoenix x2  
  54  6:26  Pylon  
  54  6:42  Robotics Facility  
  54  6:44  Robotics Facility  
  54  6:47  Pylon  
  54  7:04  Oracle  
  57  7:09  Sentry  
  59  9:14  Immortal  
  59  9:22  Observer  
  64  9:35  Warp Prism  
  31  9:51  Observer  
  29  9:58  Observer  
  31  10:02  Observer  
Tags
 
Matchup
PvZ
Opening
Pool First
Spawn Locations
Cross Positions
Add a new tag
Caveats
  • Supply blocks, unpowered buildings, or Contaminate may cause inaccurate times.
  • Supply counts are checked every 10 seconds.